 Dungeon Sprint DCSS version 0.21-a0-297-ga3d34c2 (webtiles) character file.

6975 Kidiri the Eclecticist (level 10, -1/61 HPs)
             Began as a Deep Elf Fire Elementalist on Sept 28, 2017.
             Was the Champion of Vehumet.
             Slain by a demonic crawler (4 damage)
             ... in the Dungeon (Sprint I: "Red Sonja").
             The game lasted 00:12:22 (2733 turns).

Kidiri the Eclecticist (Deep Elf Fire Elementalist) Turns: 2733, Time: 00:12:22

Health: -1/61      AC: 13    Str:  5    XL:     10   Next: 81%
Magic:  21/33      EV: 22    Int: 24    God:    Vehumet [******]
Gold:   266        SH:  4    Dex: 18    Spells: 15/44 levels left

rFire    . . .     SeeInvis .   n - +3 dagger (venom)
rCold    . . .     Gourm    .   m - +0 buckler {AC+3}
rNeg     . . .     Faith    .   k - +0 leather armour
rPois    .         Spirit   .   o - +0 helmet
rElec    .         Reflect  .   (no cloak)
rCorr    .         Harm     .   d - +1 pair of gloves {Dex+3}
MR       +....     NoTele   +   j - +2 pair of boots {Stlth+}
Stlth    +++.......             (no amulet)
HPRegen  0.20/turn              p - +4 ring of evasion
MPRegen  0.23/turn              (no ring)

@: very slightly contaminated
A: no striking features
a: Renounce Religion


You were in the Dungeon.
You worshipped Vehumet.
Vehumet was exalted by your worship.
You were hungry.

You visited 1 branch You collected 1840 gold pieces.
You spent 1574 gold pieces at shops.

Inventory:

Hand Weapons
 n - a +3 dagger of venom (weapon)
Armour
 d - a +1 pair of gloves of dexterity (worn)
 j - a +2 pair of boots of stealth (worn)
 k - a +0 leather armour (worn)
 m - a +0 buckler of protection (worn)
 o - a +0 helmet (worn)
Jewellery
 p - a +4 ring of evasion (left hand)
Wands
 l - a wand of enslavement (7/24)
Scrolls
 i - a scroll of blinking
 s - a scroll of amnesia
 u - 2 scrolls of fear
Potions
 a - 6 potions of curing
 c - a potion of lignification
 e - 2 potions of heal wounds
 f - a potion of haste
 h - a potion of berserk rage
Books
 b - a book of Flames

   Spells                             Type                      Level
   a - Flame Tongue                   Conjuration/Fire             1
   b - Throw Flame                    Conjuration/Fire             2
   c - Conjure Flame                  Conjuration/Fire             3
   d - Inner Flame                    Hexes/Fire                   3
   e - Sticky Flame                   Conjuration/Fire             4
   f - Fireball                       Conjuration/Fire             5


   Skills:
 + Level 6.7 Fighting
 + Level 8.0 Short Blades
 + Level 6.6 Armour
 + Level 9.9 Dodging
 - Level 2.4 Stealth
 + Level 1.5 Shields
 * Level 17.5 Spellcasting
 + Level 11.2 Conjurations
 + Level 11.6 Fire Magic
 + Level 4.9 Ice Magic
 + Level 2.0 Poison Magic


You had 15 spell levels left.
You knew the following spells:

 Your Spells              Type           Power        Failure   Level  Hunger
a - Flame Tongue          Conj/Fire      #####        1%          1    None
b - Throw Flame           Conj/Fire      ######       1%          2    None
c - Conjure Flame         Conj/Fire      ######..     1%          3    None
d - Inner Flame           Hex/Fire       #####...     1%          3    None
e - Ignite Poison         Fire/Tmut/Pois #####...     1%          3    None
f - Sticky Flame          Conj/Fire      ######..     1%          4    None
g - Fireball              Conj/Fire      ######....   1%          5    None
h - Throw Frost           Conj/Ice       ######       1%          2    None
i - Poison Arrow          Conj/Pois      ######....   13%         6    ####...


Dungeon Overview and Level Annotations

Branches:
Dungeon (1/1)

Altars:
Cheibriados
Dithmenos
Elyvilon
Fedhas
Gozag
Hepliaklqana
Kikubaaqudgha
Makhleb
Nemelex Xobeh
Okawaru
Qazlal
Ru
Sif Muna
Trog
Uskayaw
Vehumet
Wu Jian
Xom
Yredelemnul
Zin
The Shining One
Jiyva
Lugonu

Shops:
D %(*[?[?}[*[[?!([*


Message History

The demonic crawler is lightly wounded.
The demonic crawler is covered in liquid flames!
The demonic crawler burns!
The demonic crawler is engulfed in blazing flames.
The demonic crawler misses you.
The demonic crawler hits you but does no damage. x2
The demonic crawler barely misses you.
The demonic crawler hits you but does no damage.
You block the demonic crawler's attack.
You hit the demonic crawler but do no damage.
The demonic crawler is severely wounded.
The demonic crawler burns!
The demonic crawler misses you. The demonic crawler hits you!
* * * LOW HITPOINT WARNING * * *
The demonic crawler hits you but does no damage.
The demonic crawler is engulfed in blazing flames.
The demonic crawler hits you.
* * * LOW HITPOINT WARNING * * *
The demonic crawler barely misses you. The demonic crawler hits you.
You die...

###################
#<.#..'..#..'..#__#
#.ss.)#..'.)#..'s.'
#.@#####+#####+#__#
#..####..#...#[####
#..#__####..##.#§§§
#..#_____##+#_.+≈§§
#⌠⌠#_.∩...+..._#§§≈
####_..__##_.#+##+#
*,,#_____###+#.#).(
############.####+#
#∩^.......+...+....


You could see 2 demonic crawlers.

Vanquished Creatures
  2 centaur warriors (D)
  Sonja (D)
  2 unseen horrors (D)
  A deep troll (D)
  An oklob plant (D)
  2 kobold demonologists (D)
  2 demonic crawlers (D)
  A hornet (D)
  A slime creature (D)
  2 redbacks (D)
  Sigmund (D)
  A yak (D)
  2 floating eyes (D)
  7 necrophages (D)
  An ogre (D)
  8 jellies (D)
  Ijyb (D)
  3 ballistomycetes (D)
39 creatures vanquished.

Vanquished Creatures (others)
  the Lernaean hydra (D)
  A gargoyle (D)
  2 ballistomycete spores (D)
4 creatures vanquished.

Grand Total: 43 creatures vanquished

Notes
Turn   | Place    | Note
-------+----------+-------------------------------------------
     0 | D        | Kidiri the Deep Elf Fire Elementalist began the quest for the Orb.
     0 | D        | Reached XP level 1. HP: 10/10 MP: 6/6
     2 | D        | Noticed Ijyb
    15 | D        | Killed Ijyb
    15 | D        | Reached skill level 6 in Spellcasting
    15 | D        | Reached XP level 2. HP: 5/15 MP: 2/11
    21 | D        | Learned a level 2 spell: Throw Flame
   223 | D        | Noticed an ogre
   231 | D        | Killed an ogre
   231 | D        | Reached skill level 8 in Spellcasting
   231 | D        | Reached skill level 5 in Conjurations
   231 | D        | Reached skill level 5 in Fire Magic
   231 | D        | Reached XP level 3. HP: 19/19 MP: 10/15
   231 | D        | Reached XP level 4. HP: 24/24 MP: 10/16
   236 | D        | Learned a level 3 spell: Conjure Flame
   240 | D        | Learned a level 3 spell: Inner Flame
   245 | D        | Learned a level 4 spell: Sticky Flame
   272 | D        | Noticed Sigmund
   277 | D        | Killed Sigmund
   277 | D        | Reached skill level 11 in Spellcasting
   277 | D        | Reached XP level 5. HP: 28/28 MP: 12/21
   284 | D        | Learned a level 5 spell: Fireball
   328 | D        | Found an ornate altar of the Wu Jian Council.
   328 | D        | Found a deep blue altar of Sif Muna.
   331 | D        | Found a radiant altar of Vehumet.
   332 | D        | Reached XP level 6. HP: 32/32 MP: 19/22
   341 | D        | Became a worshipper of Vehumet
   373 | D        | Found Qoromiod's Weapon Emporium.
   373 | D        | Found an ancient bone altar of Kikubaaqudgha.
   373 | D        | Found a hazy altar of Hepliaklqana.
   373 | D        | Found a stormy altar of Qazlal.
   373 | D        | Found a hide-covered altar of Uskayaw.
   373 | D        | Found a blossoming altar of Fedhas.
   373 | D        | Found a bloodstained altar of Trog.
   373 | D        | Found an iron altar of Okawaru.
   373 | D        | Found a basalt altar of Yredelemnul.
   373 | D        | Found a glowing golden altar of the Shining One.
   373 | D        | Found a snail-covered altar of Cheibriados.
   373 | D        | Found a sacrificial altar of Ru.
   373 | D        | Found a glowing silver altar of Zin.
   373 | D        | Found a shadowy altar of Dithmenos.
   373 | D        | Found a white marble altar of Elyvilon.
   373 | D        | Noticed a yak
   379 | D        | Killed a yak
   379 | D        | Reached skill level 1 in Fighting
   379 | D        | Reached skill level 1 in Armour
   379 | D        | Reached skill level 12 in Spellcasting
   383 | D        | Found an opulent altar of Gozag.
   384 | D        | Found a sparkling altar of Nemelex Xobeh.
   470 | D        | Noticed Sonja
   476 | D        | Killed Sonja
   476 | D        | Reached skill level 5 in Dodging
   476 | D        | Reached skill level 13 in Spellcasting
   476 | D        | Reached XP level 7. HP: 6/41 MP: 9/26
   476 | D        | HP: 2/41 [poisoned by Sonja (curare-tipped needle)]
   705 | D        | Found Koont's Food Boutique.
   734 | D        | Killed a gargoyle
   757 | D        | Noticed a deep troll
   775 | D        | Killed a deep troll
   775 | D        | Reached * piety under Vehumet
   775 | D        | Offered knowledge of Sandblast by Vehumet.
   775 | D        | Reached skill level 14 in Spellcasting
   775 | D        | Reached XP level 8. HP: 48/48 MP: 8/28
   788 | D        | Found Fuont's Armour Emporium.
   793 | D        | Bought a +0 pair of gloves of dexterity for 126 gold pieces
   871 | D        | Noticed a centaur warrior
   871 | D        | Noticed a centaur warrior
   877 | D        | Killed a centaur warrior
   877 | D        | Reached skill level 5 in Short Blades
   877 | D        | Reached skill level 15 in Spellcasting
   877 | D        | Reached skill level 10 in Fire Magic
   877 | D        | Reached XP level 9. HP: 30/52 MP: 18/30
   881 | D        | Killed a centaur warrior
   881 | D        | Reached skill level 5 in Fighting
   881 | D        | Reached skill level 5 in Armour
   881 | D        | Reached skill level 10 in Conjurations
  1144 | D        | Offered knowledge of Throw Frost by Vehumet.
  1144 | D        | Reached ** piety under Vehumet
  1144 | D        | Reached skill level 16 in Spellcasting
  1160 | D        | Learned a level 2 spell: Throw Frost
  1176 | D        | Noticed an oklob plant
  1179 | D        | HP: 2/54 [acid (12)]
  1256 | D        | Killed the 27-headed Lernaean hydra
  1793 | D        | Found a burning altar of Makhleb.
  1793 | D        | Found a viscous altar of Jiyva.
  1793 | D        | Found a shimmering altar of Xom.
  1793 | D        | Found a corrupted altar of Lugonu.
  2035 | D        | Killed an oklob plant
  2262 | D        | Offered knowledge of Ignite Poison by Vehumet.
  2271 | D        | Reached *** piety under Vehumet
  2271 | D        | Reached XP level 10. HP: 60/60 MP: 23/32
  2330 | D        | Learned a level 3 spell: Ignite Poison
  2342 | D        | Noticed an unseen horror
  2347 | D        | Killed an unseen horror
  2348 | D        | Noticed an unseen horror
  2349 | D        | Killed an unseen horror
  2349 | D        | Offered knowledge of Fulminant Prism by Vehumet.
  2487 | D        | Reached **** piety under Vehumet
  2487 | D        | Offered knowledge of Iskenderun's Mystic Blast by Vehumet.
  2487 | D        | Reached skill level 17 in Spellcasting
  2487 | D        | Reached ***** piety under Vehumet
  2538 | D        | Found Deseo's Armour Shoppe.
  2538 | D        | Found Jicvuna's Assorted Antiques.
  2538 | D        | Found Milaed Xitu's Magic Scroll Boutique.
  2540 | D        | Found Caizir's Antique Armour Emporium.
  2540 | D        | Found Bofi's Magic Scroll Shop.
  2540 | D        | Found Zoshredorph's Gadget Shoppe.
  2540 | D        | Found Lies's Armour Boutique.
  2540 | D        | Found Uheps's General Store.
  2540 | D        | Found Wustralyu's Armour Shop.
  2540 | D        | Found Goeq's Armour Shoppe.
  2544 | D        | Found Zaahexoh's Magic Scroll Boutique.
  2545 | D        | Found Ahim's Antique Weapon Emporium.
  2545 | D        | Found Kapryf Sagit's Distillery.
  2546 | D        | Found Gustrih's General Store.
  2555 | D        | Bought a potion of heal wounds for 70 gold pieces
  2555 | D        | Bought a potion of curing for 42 gold pieces
  2555 | D        | Bought a scroll of enchant armour for 105 gold pieces
  2555 | D        | Bought a potion of curing for 42 gold pieces
  2561 | D        | Bought a +2 pair of boots of stealth for 258 gold pieces
  2572 | D        | Bought a runed buckler for 187 gold pieces
  2579 | D        | Bought a +0 helmet for 49 gold pieces
  2580 | D        | Bought a knobbly diamond ring for 125 gold pieces
  2580 | D        | Bought a scroll labeled MEMOAC XIPNAN for 25 gold pieces
  2580 | D        | Bought a glowing sapphire amulet for 125 gold pieces
  2580 | D        | Bought a scroll labeled TIJOMME PORHOR for 25 gold pieces
  2580 | D        | Bought a scroll labeled NEAGIE XYZEC for 25 gold pieces
  2591 | D        | Bought a scroll of enchant weapon for 105 gold pieces
  2591 | D        | Bought a scroll of fear for 49 gold pieces
  2591 | D        | Bought 3 scrolls of identify for 84 gold pieces
  2599 | D        | Bought a scroll of fear for 42 gold pieces
  2599 | D        | Bought a scroll of blinking for 90 gold pieces
  2667 | D        | Offered knowledge of Poison Arrow by Vehumet.
  2671 | D        | Reached skill level 1 in Shields
  2671 | D        | Reached skill level 1 in Poison Magic
  2683 | D        | Learned a level 6 spell: Poison Arrow
  2708 | D        | Reached ****** piety under Vehumet
  2733 | D        | HP: 3/61 [demonic crawler (3)]
  2733 | D        | Slain by a demonic crawler

Vault maps used:
D:        dungeon_sprint_1

Skill      XL: |  1  2  3  4  5  6  7  8  9 10 |
---------------+-------------------------------+-----
Spellcasting   | 6 8 11 13 14 15 16 17 | 17.5
Conjurations   | 3 5 6 7 8 9 10 11 | 11.2
Fire Magic     | 4 5 7 9 10 11 | 11.6
Fighting       | 3 4 5 6 |  6.7
Short Blades   | 4 5 6 8 |  8.0
Armour         | 3 4 5 6 |  6.6
Dodging        | 5 6 7 8 9 |  9.9
Ice Magic      | 2 4 |  4.9
Shields        | 1 |  1.5
Poison Magic   | 2 |  2.0
Stealth        | |  2.4

Action                   |  1- 3 |  4- 6 |  7- 9 | 10-12 || total
-------------------------+-------+-------+-------+-------++-------
Melee: Dagger            |     1 |       |    17 |    13 ||    31
 Cast: Flame Tongue      |    12 |     7 |    33 |     8 ||    60
       Sticky Flame      |       |     2 |     9 |    15 ||    26
       Fireball          |       |     1 |     9 |     8 ||    18
       Conjure Flame     |       |       |     3 |     2 ||     5
       Throw Flame       |       |       |     1 |       ||     1
       Ignite Poison     |       |       |       |     1 ||     1
  Use: Potion            |     1 |       |     1 |     1 ||     3
       Scroll            |       |       |     1 |     8 ||     9
 Stab: Sleeping          |     1 |       |       |     1 ||     2
  Eat: Bread ration      |       |       |     1 |       ||     1
       Chunk             |       |       |     1 |       ||     1
Armor: Robe              |     1 |       |       |       ||     1
       Leather armour    |       |       |       |    30 ||    30
Dodge: Dodged            |     6 |     3 |     5 |    85 ||    99
Block: Buckler           |       |       |       |    11 ||    11

Table legend:
 A = Spawn XP
 B = Non-spawn XP
 C = Spawn XP percentage of total XP
 D = Spawn monster count
 E = Non-spawn monster count
 F = Spawn count percentage of total count
 G = Total turns spent on level
                    A         B        C        D         E        F      G
               +---------+---------+-------+---------+---------+-------+---------
         Total |       0 |    9965 |   0.0 |       0 |      36 |   0.0 |  2733
               +---------+---------+-------+---------+---------+-------+---------
             D |       0 |    9965 |   0.0 |       0 |      36 |   0.0 |  2733
               +---------+---------+-------+---------+---------+-------+---------
